 Dungeon Crawl Stone Soup version 0.30.0-16-gbe6223bb7e (webtiles) character file.

Game seed: 1753269746669493015

162 Peloso the Trooper (level 5, -12/47 HPs)
             Began as a Minotaur Fighter on May 20, 2023.
             Mangled by an ogre
             ... wielding a +0 giant club
              (16 damage)
             ... on level 4 of the Dungeon.
             The game lasted 00:03:08 (2494 turns).

Peloso the Trooper (Minotaur Fighter)               Turns: 2494, Time: 00:03:08

Health: -12/47     AC:  9    Str: 21    XL:     5   Next: 19%
Magic:  4/4        EV:  8    Int:  5    God:
Gold:   165        SH:  0    Dex: 11    Spells: 4/4 levels left

rFire   . . .        c - +0 great sword
rCold   . . .        (shield currently unavailable)
rNeg    . . .        n - +0 chain mail
rPois   .            (helmet restricted)
rElec   .            (no cloak)
rCorr   .            (no gloves)
SInv    .            (no boots)
Will    .....        (no amulet) Stlth
                     (no ring)
HPRegen 0.27/turn    (no ring)
MPRegen 0.09/turn

%: no passive effects
@: no status effects
A: horns 2, retaliatory headbutt
a: no special abilities


You were on level 4 of the Dungeon.
You visited 1 branch of the dungeon, and saw 4 of its levels.

You collected 165 gold pieces.

Inventory:

Hand Weapons
 a - a +0 long sword
 c - a +0 great sword (weapon)
Armour
 b - a +0 scale mail
 d - a +0 buckler
 n - a +0 chain mail (worn)
Wands
 m - a wand of iceblast (20)
Scrolls
 g - 3 scrolls of teleportation {unknown}
 h - 4 scrolls of identify {unknown}
 i - a scroll of noise {unknown}
 l - 2 scrolls of magic mapping {unknown}
 p - a scroll of fear {unknown}
Potions
 e - 2 potions of curing
 f - 2 potions of might
 j - 3 potions of flight {unknown}
 k - a potion of resistance {unknown}
 o - a potion of ambrosia {unknown}


   Skills:
 + Level 4.8 Fighting
 + Level 4.3 Long Blades
 + Level 4.8 Armour
 + Level 0.2 Dodging
 + Level 3.9 Shields


You had 4 spell levels left.
You didn't know any spells.
Your spell library contained the following spells:

 Spells                   Type           Power      Damage    Failure   Level
 Sublimation of Blood     Necr           0%         N/A       99%         2
 Wereblood                Tmut           0%         N/A       99%         2
 Summon Hydra             Summ           0%         N/A       100%        7


Dungeon Overview and Level Annotations

Branches:
Dungeon (4/15)
 Temple: D:4-7

Altars:
Dithmenos
Gozag
Qazlal


Innate Abilities, Weirdness & Mutations

You have a pair of horns on your head.
You reflexively headbutt those who attack you in melee.


Message History

o - a lumpy sapphire potion HP restored.
p - a scroll labelled VOCVYVANTI
Found a stone staircase leading down.
You pick up a book of Blood and begin reading...
You add the spells Sublimation of Blood, Wereblood and Summon Hydra to your library.
f - 2 potions of might (gained 1)
g - 3 scrolls labelled PUROIM ULIOV (gained 1)
m - a wand of iceblast (20) (gained 12 charges)
Found 6 stones.
Found a stone staircase leading down.
You now have 149 gold pieces (gained 6).
There is a stone staircase leading down here.
You see here a +0 ring mail.
You now have 165 gold pieces (gained 16).
Found 5 stones.
Found an escape hatch in the floor.
There is an escape hatch in the floor here.
A goblin comes into view. It is wielding a +0 club.
The goblin shouts!
A goblin is nearby!
An ogre comes into view. It is wielding a +0 giant club.
The ogre shouts!
The goblin hits you but does no damage.
You hit the goblin.
You kill the goblin!
You slash the ogre! You headbutt the ogre.
The ogre is almost dead.
The ogre hits you with a +0 giant club!!
You closely miss the ogre. Your headbutt misses the ogre.
The ogre is almost dead.
The ogre hits you with a +0 giant club!
You barely miss the ogre.
The ogre is almost dead.
The ogre hits you with a +0 giant club!!
* * * LOW HITPOINT WARNING * * *
You hit the ogre.
The ogre is almost dead.
The ogre hits you with a +0 giant club!
You die...

.# ##>.. #. ..... #. #
... ..## #..# ##..#
...##... ...# ....#...
##..####
##.........###..O...##
.#..##.#........@....#
....#..##............##
.##.#..##...##........#
..#.#..##...##.......##
....##.#.............#
..#.#>.##...........##
.##........#.......##
.....##.##.#...#..##
##....##.......#.##


You could see an ogre.

Vanquished Creatures
  An iguana (D:4)
  6 adders
  2 worms
  2 dart slugs
  5 ball pythons
  3 endoplasms
  4 giant cockroaches
  11 goblins
  6 hobgoblins
  5 jackals
  11 kobolds
  4 bats
  3 frilled lizards
  5 rats
68 creatures vanquished.

Notes
Turn   | Place    | Note
-------+----------+-------------------------------------------
     0 | D:1      | Peloso the Minotaur Fighter began the quest for the Orb.
     0 | D:1      | Reached XP level 1. HP: 19/19 MP: 0/0
   100 | D:1      | Reached XP level 2. HP: 27/27 MP: 1/1
   614 | D:1      | Reached XP level 3. HP: 33/33 MP: 2/2
   866 | D:2      | Found a stormy altar of Qazlal.
  1315 | D:3      | Found an opulent altar of Gozag.
  1495 | D:3      | Reached XP level 4. HP: 38/41 MP: 3/3
  1804 | D:3      | Found a shadowy altar of Dithmenos.
  2251 | D:4      | Reached XP level 5. HP: 37/47 MP: 4/4
  2487 | D:4      | Noticed an ogre
  2494 | D:4      | Mangled by an ogre

Illustrated notes

Levels and vault maps discovered:
D:1:      ebering_trefoil_twist, layout_loops_ring
D:2:      layout_basic, basic_altar, hangedman_decor_growths
D:3:      layout_basic, lemuel_coloured_pillars_altar,
          nicolae_gozag_cash_rules_everything_around_me
D:4:      layout_cave_pools, hangedman_decor_clover_reticule

Skill      XL: |  1  2  3  4 |
---------------+-------------+-----
Fighting       | 4 |  4.8
Armour         | 4 |  4.8
Long Blades    | 3 4 |  4.3
Dodging        | |  0.2
Shields        | |  3.9

Action                     |  1- 3 |  4- 6 || total
---------------------------+-------+-------++-------
  Melee: Long sword        |    27 |       ||    27
         Headbutt          |     9 |     5 ||    14
         Great sword       |    54 |    44 ||    98
    Use: Potion            |     3 |       ||     3
 Armour: Scale mail        |    59 |    17 ||    76
         Chain mail        |       |    15 ||    15
  Dodge: Dodged            |    42 |    26 ||    68
  Block: Buckler           |     3 |       ||     3
